 Dungeon Crawl Stone Soup version 0.29-a0-289-g2178c42546 (webtiles) character file.

Game seed: 17401230256488304704

42 kae the Skirmisher (level 3, 0/33 HPs)
             Began as a Hill Orc Fighter on Mar 17, 2022.
             Slain by a gnoll
             ... wielding a +4 spear
              (7 damage)
             ... on level 2 of the Dungeon.
             The game lasted 00:01:06 (1182 turns).

kae the Skirmisher (Hill Orc Fighter)               Turns: 1182, Time: 00:01:07

Health: 0/33       AC:  8    Str: 20    XL:     3   Next: 56%
Magic:  3/3        EV:  9    Int:  8    God:
Gold:   29         SH:  4    Dex: 10    Spells: 2/2 levels left

rFire   . . .      SeeInvis .   a - +0 war axe
rCold   . . .      Faith    .   c - +0 buckler
rNeg    . . .      Spirit   .   b - +0 scale mail
rPois   .          Reflect  .   (no helmet)
rElec   .          Harm     .   (no cloak)
rCorr   .          Rampage  .   (no gloves)
Will    .....                   e - +0 pair of boots
Stlth   ..........              (no amulet)
HPRegen 0.11/turn               (no ring)
MPRegen 0.08/turn               (no ring)

@: mighty
A: no striking features
a: no special abilities


You were on level 2 of the Dungeon.
You visited 1 branch of the dungeon, and saw 2 of its levels.

You collected 29 gold pieces.

Inventory:

Hand Weapons
 a - a +0 war axe (weapon)
Armour
 b - a +0 scale mail (worn)
 c - a +0 buckler (worn)
 e - a +0 pair of boots (worn)
Scrolls
 g - a scroll of fog


   Skills:
 + Level 4.0 Fighting
 * Level 3.8 Axes
 + Level 3.6 Armour
 + Level 0.8 Dodging
 - Level 3.2 Shields


You had 2 spell levels left.
You didn't know any spells.
Your spell library was empty.

Dungeon Overview and Level Annotations

Branches:
Dungeon (2/15)

Altars:

Shops:
D:1 =


Message History

A bat comes into view.
There is a stone staircase leading up here.
You block the bat's attack.
Found 4 gold pieces.
The gnoll barely misses you.
You barely miss the gnoll. You hit the bat.
You kill the bat!
The gnoll misses you. You block the gnoll's attack.
You closely miss the gnoll. You block the gnoll's attack.
The gnoll hits you with a +4 spear!
You barely miss the gnoll. The gnoll closely misses you.
The gnoll barely misses you.
The gnoll hits you but does no damage. x2
You closely miss the gnoll. You block the gnoll's attack.
The gnoll hits you with a +4 spear.
You barely miss the gnoll. The gnoll hits you but does no damage.
The gnoll closely misses you. The gnoll attacks as you move away!
You block the gnoll's attack. You block the gnoll's attack.
The gnoll hits you with a +4 spear!
There is a stone staircase leading up, spattered with blood here.
You see here a bat corpse.
The gnoll hits you with a +0 spear. You block the gnoll's attack.
You climb upwards.
There is a stone staircase leading down here.
Okay, then.
Okay, then.
The gnoll hits you but does no damage. The gnoll hits you with a +4 spear.
You climb downwards.
There is a stone staircase leading up, spattered with blood here.
You see here a bat corpse.
You feel very mighty all of a sudden. The gnoll closely misses you.
You block the gnoll's attack.
You slash the gnoll!
The gnoll is severely wounded.
You closely miss the gnoll. The gnoll completely misses you.
You block the gnoll's attack. The gnoll hits you but does no damage.
The gnoll hits you with a +4 spear.
* * * LOW HITPOINT WARNING * * *
You slash the gnoll!
You kill the gnoll!
You hit the gnoll. The gnoll hits you with a +4 spear!
You die...

.. #.. ... .....#.
#.# .... .. ... ...
....# #.##.# #.#
.$...## ###..#.##
#.###
#...###.......#
#.#..
#).#......#.###.#..
##@.......#..##....
##g.........##....
###.......##.......
.......(รท###..#.#..
####.....###......#
#........g......#
###............##..
..........#....###.
.###.....#.....# #.


You could see a gnoll.

Vanquished Creatures
  2 gnolls
  2 ball pythons
  6 endoplasms (D:1)
  A giant cockroach (D:1)
  2 goblins (D:1)
  3 hobgoblins
  2 quokkas
  5 bats
  2 frilled lizards (D:1)
  3 kobolds
  3 rats
31 creatures vanquished.

Notes
Turn   | Place    | Note
-------+----------+-------------------------------------------
     0 | D:1      | kae the Hill Orc Fighter began the quest for the Orb.
     0 | D:1      | Reached XP level 1. HP: 19/19 MP: 1/1
    34 | D:1      | Found Eduokoss's Jewellery Emporium.
    40 | D:1      | Reached XP level 2. HP: 26/27 MP: 2/2
   477 | D:1      | Reached XP level 3. HP: 33/33 MP: 3/3
   611 | D:1      | Reached skill level 4 in Fighting
  1182 | D:2      | Slain by a gnoll

Illustrated notes

Levels and vault maps discovered:
D:1:      scummos_arrival_checkerplants, layout_basic, serial_shops,
          nicolae_shop_crystal
D:2:      layout_rooms, basic_altar

Skill      XL: |  1  2  3 |
---------------+----------+-----
Axes           | 3 |  3.8
Fighting       | 4 |  4.0
Armour         | |  3.6
Dodging        | |  0.8
Shields        | |  3.2

Action                   || total
-------------------------++-------
Melee: War axe           ||    94
  Use: Scroll            ||     1
       Potion            ||     1
Armor: Scale mail        ||    86
Dodge: Dodged            ||    63
Block: Buckler           ||    35

Table legend: (Time is in decaauts)
 A = Elapsed time spent in this place.
 B = Non-inter-level travel time spent in this place.
 C = Inter-level travel time spent in this place.
 D = Time resting spent in this place.
 E = Time spent auto-exploring this place.
 F = Levels seen in this place.
 G = Mean time per level.
                   A        B        C        D        E       F      G
               +--------+--------+--------+--------+--------+-----+--------+
         Total |   1220 |   1097 |    123 |    343 |    488 |   2 |  610.0 |
       Dungeon |   1220 |   1097 |    123 |    343 |    488 |   2 |  610.0 |
               +--------+--------+--------+--------+--------+-----+--------+

Top non-repeatable levels by time:
     D:1: 1069 daAuts
     D:2: 150 daAuts
